 Dungeon Crawl Stone Soup version 0.31.0-4-g52a2dc7128 (webtiles) character file.

Game seed: 3658087848554380352

489398 LustLizard the Executioner (level 23, -2/220 HPs)
             Began as a Minotaur Monk on Jan 22, 2024.
             Was the Champion of the Shining One.
             Killed by divine providence
             ... invoked by a royal mummy
             ... led by Khufu
              (17 damage)
             ... on level 1 of the Crypt.
             The game lasted 02:28:12 (56171 turns).

LustLizard the Executioner (Minotaur Monk)         Turns: 56171, Time: 02:28:13

Health: -2/220     AC: 25    Str: 25    XL:     23   Next: 68%
Magic:  36/36      EV: 21    Int:  7    God:    the Shining One [******]
Gold:   3865       SH: 23    Dex: 23    Spells: 22/22 levels left

rFire   + + .        y - +8 mithril axe "Arga" {speed, Will+}
rCold   + + .        o - +3 kite shield {rN+}
rNeg    + + +        a - +3 plate armour {rPois}
rPois   +            (helmet restricted)
rElec   .            Z - scarf {rC+ rF+}
rCorr   .            z - +2 pair of gloves {Stlth+}
SInv    .            e - +3 pair of mountain boots {steadfast, rC+}
Will    +++..        i - amulet of Curiosity {Reflect *Corrode Will+ Dex+5 SH+5} Stlth
                     R - +5 ring of evasion
HPRegen 0.00/turn    w - ring of Untruth {rF+ Dex+3 Slay+4}
MPRegen 0.25/turn

%: corrode self (3%), reflection
@: corroded, inhibited regen, slowed, glowing, studying Throwing, very slow
A: horns 2, retaliatory headbutt, inhibited regeneration
}: 2/15 runes: barnacled, gossamer
a: Renounce Religion, Divine Shield, Cleansing Flame, Summon Divine Warrior,
Brand Weapon With Holy Wrath


You were on level 1 of the Crypt.
You worshipped the Shining One.
The Shining One was exalted by your worship.
You visited 10 branches of the dungeon, and saw 43 of its levels.
You visited 1 bazaar.
You also visited: Sewer, Gauntlet, Ice Cave and Wizlab.

You collected 6060 gold pieces.
You spent 2195 gold pieces at shops.

Inventory:

Hand Weapons
 y - the +8 mithril axe "Arga" (weapon) {speed, Will+}
   (You acquired it in a Gauntlet)

   Will+:     It increases your willpower.
 T - a +3 heavy broad axe
Missiles
 B - 9 datura-tipped darts
 J - 8 throwing nets
 K - 36 boomerangs (quivered)
 M - 4 silver javelins
 U - 9 javelins
Armour
 a - a +3 plate armour of poison resistance (worn)
 e - the +3 pair of mountain boots (worn) {steadfast, rC+}
   (You bought it in a shop on level 3 of the Depths)

   Steadfast: It prevents involuntary movement, except for blinking,
   teleportation, or banishment.
   rC+:       It protects you from cold.
 o - a +3 kite shield of positive energy (worn)
 z - a +2 pair of gloves of stealth (worn)
 E - a +1 pair of boots of flying
 Z - a scarf of resistance (worn)
Jewellery
 i - the amulet of Curiosity (around neck) {Reflect *Corrode Will+ Dex+5 SH+5}
   (You took it off a frost giant on level 1 of the Depths)

   [amulet of reflection]

   Reflect:   It reflects blocked missile attacks.
   Dex+5:     It affects your dexterity (+5).
   Will+:     It increases your willpower.
   *Corrode:  It may corrode you when you take damage.
   SH+5:      It affects your SH (+5).
 p - the amulet of Ziluthruzipt {*Corrode ^Fragile rC+++ Regen+ Int+3}
   (You found it in a Gauntlet)

   [amulet of regeneration]

   Int+3:     It affects your intelligence (+3).
   rC+++:     It renders you almost immune to cold.
   Regen+:    It increases your rate of health regeneration.
   *Corrode:  It may corrode you when you take damage.
   ^Fragile:  It will be destroyed if unequipped.
 s - the ring of the Wild Haggis {rElec rF+ Int+6 Stlth-}
   (You found it in an ice cave)

   [ring of intelligence]

   Int+6:     It affects your intelligence (+6).
   rF+:       It protects you from fire.
   rElec:     It insulates you from electricity.
   Stlth-:    It makes you less stealthy.
 u - a ring of wizardry
 v - a ring of protection from cold
 w - the ring of Untruth (right hand) {rF+ Dex+3 Slay+4}
   (You found it on level 15 of the Dungeon)

   [ring of slaying]

   Dex+3:     It affects your dexterity (+3).
   Slay+4:    It affects your accuracy & damage with ranged weapons and melee
   (+4).
   rF+:       It protects you from fire.
 x - a ring of see invisible
 H - a ring of poison resistance
 Q - an amulet of regeneration
 R - a +5 ring of evasion (left hand)
 S - a ring of protection from fire
Wands
 m - a wand of digging (10)
 L - a wand of mindburst (40)
 N - a wand of roots (56)
 P - a wand of light (16)
 V - a wand of flame (50)
Scrolls
 b - 13 scrolls of immolation
 d - a scroll of butterflies
 l - 7 scrolls of revelation
 q - 9 scrolls of enchant weapon
 r - a scroll of fog
 t - 4 scrolls of blinking
 C - 9 scrolls of teleportation
 D - 14 scrolls of poison
 O - 6 scrolls of fear
 Y - a scroll of silence
Potions
 c - 5 potions of ambrosia
 f - 7 potions of mutation
 h - 2 potions of cancellation
 j - 7 potions of curing
 k - 10 potions of haste
 n - a potion of heal wounds
 I - 3 potions of magic
 W - 9 potions of might
 X - 5 potions of resistance
Miscellaneous
 g - a lightning rod (4/4)
 A - a sack of spiders
 F - a condenser vane
 G - a phantom mirror


   Skills:
 + Level 21.3 Fighting
 + Level 21.5 Axes
 + Level 17.8 Throwing
 + Level 18.0 Armour
 - Level 13.5 Dodging
 + Level 15.8 Shields
 + Level 20.1 Invocations
 + Level 14.9 Evocations


You had 22 spell levels left.
You didn't know any spells.
Your spell library contained the following spells:

 Spells                   Type           Power      Damage    Failure   Level
 Apportation              Tloc           0%         N/A       99%         1
 Kiss of Death            Conj/Necr      0%         2d5       99%         1
 Magic Dart               Conj           0%         1d3       99%         1
 Sandblast                Erth           0%         2d4       99%         1
 Slow                     Hex            0%         N/A       99%         1
 Sting                    Conj/Alch      0%         1d3       99%         1
 Summon Small Mammal      Summ           0%         N/A       99%         1
 Jinxbite                 Hex            0%         N/A       99%         2
 Lesser Beckoning         Tloc           0%         N/A       99%         2
 Mercury Vapours          Alch/Air       0%         N/A       99%         2
 Searing Ray              Conj           0%         2d4       99%         2
 Static Discharge         Conj/Air       0%         3-3/arc   99%         2
 Call Canine Familiar     Summ           0%         N/A       100%        3
 Confusing Touch          Hex            0%         N/A       100%        3
 Dazzling Flash           Conj/Hex       0%         N/A       100%        3
 Fugue of the Fallen      Necr           0%         N/A       100%        3
 Gell's Gravitas          Tloc           0%         N/A       100%        3
 Inner Flame              Hex/Fire       0%         N/A       100%        3
 Mephitic Cloud           Conj/Alch/Air  0%         N/A       100%        3
 Ozocubu's Armour         Ice            0%         N/A       100%        3
 Passwall                 Erth           0%         N/A       100%        3
 Sigil of Binding         Hex            0%         N/A       100%        3
 Stone Arrow              Conj/Erth      0%         3d7       100%        3
 Teleport Other           Tloc           0%         N/A       100%        3
 Vampiric Draining        Necr           0%         2d6       100%        3
 Volatile Blastmotes      Fire/Tloc      0%         2d10      100%        3
 Airstrike                Air            0%         2d(0-16)  100%        4
 Animate Armour           Summ/Erth      0%         N/A       100%        4
 Brom's Barrelling Bould  Conj/Erth      0%         2d3       100%        4
 Cause Fear               Hex            0%         N/A       100%        4
 Dimensional Bullseye     Hex/Tloc       0%         N/A       100%        4
 Dispel Undead            Necr           0%         3d6       100%        4
 Flame Wave               Conj/Fire      0%         2d4       100%        4
 Fulminant Prism          Conj/Alch      0%         3d5       100%        4
 Iskenderun's Mystic Bla  Conj/Tloc      0%         2d3       100%        4
 Leda's Liquefaction      Alch/Erth      0%         N/A       100%        4
 Manifold Assault         Tloc           0%         N/A       100%        4
 Olgreb's Toxic Radiance  Alch           0%         N/A       100%        4
 Sticky Flame             Fire/Alch      0%         2d4       100%        4
 Summon Lightning Spire   Summ/Air       0%         N/A       100%        4
 Alistair's Intoxication  Alch           0%         N/A       100%        5
 Arcjolt                  Conj/Air       0%         1d10      100%        5
 Fireball                 Conj/Fire      0%         3d3       100%        5
 Freezing Cloud           Conj/Ice/Air   0%         6-21      100%        5
 Irradiate                Conj/Alch      0%         3d11      100%        5
 Iskenderun's Battlesphe  Conj           0%         2d6       100%        5
 Lee's Rapid Deconstruct  Erth           0%         3d4*      100%        5
 Summon Forest            Summ/Tloc      0%         N/A       100%        5
 Summon Mana Viper        Hex/Summ       0%         N/A       100%        5
 Yara's Violent Unravell  Hex/Alch       0%         3d3       100%        5
 Bombard                  Conj/Erth      0%         9d1       100%        6
 Dispersal                Tloc           0%         N/A       100%        6
 Eringya's Noxious Bog    Alch           0%         4d6       100%        6
 Starburst                Conj/Fire      0%         6d3       100%        6
 Summon Cactus Giant      Summ           0%         N/A       100%        6
 Enfeeble                 Hex            0%         N/A       100%        7
 Ozocubu's Refrigeration  Ice            0%         4d7       100%        7
 Spellforged Servitor     Conj/Summ      0%         N/A       100%        7
 Summon Hydra             Summ           0%         N/A       100%        7
 Discord                  Hex            0%         N/A       100%        8
 Disjunction              Tloc           0%         N/A       100%        8
 Ignition                 Fire           0%         3d3       100%        8
 Chain Lightning          Conj/Air       0%         N/A       100%        9
 Dragon's Call            Summ           0%         N/A       100%        9
 Fire Storm               Conj/Fire      0%         5d1       100%        9
 Shatter                  Erth           0%         3d5*      100%        9


Dungeon Overview and Level Annotations

Branches:
Dungeon (15/15)            Temple (1/1) D:4            Lair (5/5) D:9
 Shoals (4/4) Lair:2       Spider (4/4) Lair:3        Slime (0/5) Lair:4
    Orc (2/2) D:11            Elf (3/3) Orc:2        Vaults (4/5) D:13
  Crypt (1/3) Vaults:2     Depths (4/4) D:15            Zot (0/5) Depths:4
  Sewer (visited)           IceCv (visited)          WizLab (visited)
Gauntlet (visited)

Altars:
Ashenzari
Cheibriados
Dithmenos
Elyvilon
Fedhas
Gozag
Hepliaklqana
Kikubaaqudgha
Makhleb
Nemelex Xobeh
Okawaru
Qazlal
Ru
Sif Muna
Trog
Uskayaw
Vehumet
Wu Jian
Xom
Yredelemnul
Zin
The Shining One
Jiyva

Shops:
Orc:2 *=([*   Elf:3 ?[(   Shoals:2 =   Vaults:1 (!   Depths:3 *

Portals:
Hell: Depths:1 Depths:2 Depths:3 Depths:4
Abyss: Depths:2 Depths:3 Depths:4
Pandemonium: Depths:1 Depths:2 Depths:3
Ziggurat: Depths:3

Annotations:
D:11 3 runed translucent doors, nroviw's ghost, novice MiFi
D:13 1 runed translucent door
Lair:4 exclusion: 6 oklob plants
Spider:1 3 runed translucent doors, Vuykkinei's ghost, adept TrBe


Innate Abilities, Weirdness & Mutations

You have a pair of horns on your head.
You reflexively headbutt those who attack you in melee.
You do not regenerate when monsters are visible.


Message History

The death scarab's corpse disappears in a puff of smoke!
The death scarab bites you!
* * * LOW HITPOINT WARNING * * *
You block the death scarab's attack. x2; The death scarab barely misses you.
You furiously retaliate!
You headbutt the death scarab. The death scarab closely misses you.
You slash the royal mummy!
The royal mummy is almost destroyed.
You slash the death scarab! You closely miss the death scarab.
You barely miss the death scarab. You hit the royal mummy.
You slice the death scarab!!
You destroy the death scarab!
The death scarab's corpse disappears in a puff of smoke!
The death scarab completely misses you. You furiously retaliate!
You headbutt the death scarab! You block the death scarab's attack.
The death scarab completely misses you. You furiously retaliate!
You headbutt the death scarab! You block the royal mummy's attack.
The royal mummy casts a spell at you. Something smites you!
* * * LOW HITPOINT WARNING * * *
The death scarab bites you! The Shining One protects you from harm!
The death scarab drains your vigour!
You feel as though you will be slow longer.
You block the death scarab's attack.
You feel much better. The death scarab misses you. You furiously retaliate!
You headbutt the death scarab! You block the death scarab's attack.
The death scarab bites you.
* * * LOW HITPOINT WARNING * * *
The death scarab drains your vigour!
You feel as though you will be slow longer.
You block the death scarab's attack. x2; The death scarab closely misses you.
The death scarab completely misses you. The death scarab bites you.
* * * LOW HITPOINT WARNING * * *
The royal mummy calls on the powers of darkness!
Your body is wracked with pain!
* * * LOW HITPOINT WARNING * * *
The royal mummy gestures at you while chanting.
Something smites you!
You die...

### . ##....# #.. ..#.
.. #.##.....#.#
#############.#..#...#..
......M§B.......#.....#.
.....§.@BB......#.....#.
#####§M§..B....#........
#BB§§.##+..#.....##.
+.....#...#....##...
#.....#...#..##...#.
#.....#..#..#.....+.
#.....+..#........#.
......#..+........#.
####........#.


You could see 2 royal mummies and 6 death scarabs.

Vanquished Creatures
  Khufu (Crypt:1)
  Mennas (Vaults:2)
  Sojobo (Depths:3)
  Margery (Vaults:3)
  2 golden dragons (Depths:3)
  Norris (Vaults:3)
  Nikola (Spider:3)
  The ghost of Eugor the Sorcerer, an adept DECj of Vehumet (D:13)
  A hellephant (Vaults:3)
  Mlioglotl (Spider:3)
  4 liches
  Jorgrun (Spider:3)
  A walking crystal tome (Depths:3)
  A tentacled monstrosity (Depths:3)
  Asterion (Vaults:2)
  A quicksilver dragon (Depths:3)
  3 deep elf blademasters
  A sphinx (Depths:3)
  Polyphemus (Shoals:4)
  A deep elf master archer (Elf:3)
  The ghost of bnnuy the Slayer, an adept MiBe of Trog (Spider:2)
  A shadow dragon (Depths:4)
  Agnes (Spider:4)
  2 tengu reavers
  Roxanne (Shoals:4)
  Aizul (Spider:4)
  4 storm dragons
  6 fire giants
  A revenant (Crypt:1)
  Ilsuiw (Shoals:3)
  2 draconian knights
  4 emperor scorpions
  3 deep elf sorcerers (Elf:3)
  Louise (Shoals:1)
  4 ghost moths
  10 frost giants
  2 iron dragons
  3 deep elf elementalists (Elf:3)
  10 vault wardens
  2 orc warlords
  2 angels (Vaults:2)
  12 very ugly things
  A cacodemon (Depths:3)
  15 ironbound preservers
  13 stone giants
  6 formless jellyfish
  2 spriggan defenders (Depths:4)
  A draconian stormcaller (Depths:4)
  3 ironbound thunderhulks
  A draconian annihilator (WizLab)
  4 broodmothers
  2 green draconians (Depths:4)
  4 deep elf demonologists
  5 vampire knights
  3 black draconians (Depths:4)
  2 war gargoyles (Vaults:4)
  10 purple draconians
  5 deep elf annihilators (Elf:3)
  4 deep elf death magi
  A white draconian (IceCv)
  A minotaur (Gauntlet)
  10 dire elephants
  A red draconian (Depths:4)
  2 spark wasps
  6 statues (WizLab)
  14 merfolk impalers
  An eidolon (Crypt:1)
  9 ettins
  A green death (Depths:1)
  3 jiangshi (Crypt:1)
  5 merfolk javelineers
  4 entropy weavers
  2 deep elf high priests
  8 fire dragons
  8 yaktaur captains
  10 great orbs of eyes
  A peacekeeper (Vaults:4)
  7 vault guards
  A hell beast (Depths:3)
  6 ice dragons
  5 merfolk avatars
  12 hydras
  9 spriggan air magi
  4 rakshasas
  5 merfolk aquamancers
  4 radroaches
  An alligator snapping turtle (Shoals:4)
  A jorogumo (Spider:2)
  3 catoblepae
  2 death knights (Vaults:2)
  10 boulder beetles
  8 ironbound frosthearts
  2 satyrs
  27 dancing weapons
  5 death yaks
  10 tengu warriors
  19 centaur warriors
  2 death scarabs (Spider:2)
  2 vampire magi (Crypt:1)
  3 deep troll earth magi (Depths:3)
  6 two-headed ogres
  5 deep troll shamans
  3 orc high priests (Orc:2)
  10 demonic crawlers
  11 spriggan berserkers
  9 hell knights
  9 skysharks
  22 deep elf knights
  A titan skeleton (Crypt:1)
  A sixfirhy (Depths:1)
  A spark wasp zombie (Crypt:1)
  52 deep trolls
  4 pharaoh ants
  8 skeletal warriors
  A spectral ghost moth (Spider:2)
  2 spectral wolf spiders (Spider:2)
  12 glowing orange brains
  14 sea snakes
  5 iron trolls
  14 deep elf archers
  10 orb spiders
  13 lindwurms
  3 sun moths
  7 arcanists
  31 harpies
  14 ironbound convokers
  3 flayed ghosts
  A harpy (shapeshifter) (D:13)
  7 steelbarb worms
  8 orc knights
  5 phantasmal warriors
  5 necromancers
  22 deep elf zephyrmancers
  30 ugly things
  13 fauns
  8 cyclopes
  37 deep elf pyromancers
  8 orc sorcerers
  11 manticores
  A frost giant zombie (Depths:1)
  2 fauns (shapeshifter)
  3 meliai (D:13)
  24 wolf spiders
  2 ice statues (IceCv)
  3 kobold blastminers
  3 moths of wrath
  A fire giant skeleton (Depths:1)
  17 merfolk sirens
  A draconian skeleton (Crypt:1)
  5 black mambas
  5 water nymphs
  2 molten gargoyles (Gauntlet)
  15 vault sentinels
  9 elephants
  3 gargoyles
  5 torpor snails
  10 cane toads
  15 eyes of devastation (Depths:3)
  A smoke demon (Depths:3)
  A cane toad (shapeshifter) (Depths:1)
  A centaur skeleton (Crypt:1)
  3 kobold demonologists
  An unseen horror (shapeshifter) (Elf:2)
  A freezing wraith (Vaults:2)
  19 tengu conjurers
  8 rime drakes
  4 komodo dragons
  33 yaktaurs
  Psyche (D:10)
  6 trolls
  33 merfolk
  21 tarantellas
  5 polar bears
  8 wind drakes
  14 hornets
  Prince Ribbit (Lair:2)
  11 snapping turtles
  A frost giant simulacrum (Depths:1)
  19 blink frogs
  A fire dragon zombie (Crypt:1)
  15 dream sheep
  24 slime creatures
  A slime creature (shapeshifter) (Depths:1)
  22 jumping spiders
  Sigmund (D:2)
  29 culicivoras
  10 spriggans
  49 yaks
  A centaur simulacrum (D:13)
  5 wraiths
  A vampire (D:13)
  10 water elementals
  5 air elementals
  3 shadows
  A ynoxinul (Depths:3)
  A yak (shapeshifter) (D:13)
  A fire elemental (Elf:2)
  A basilisk (shapeshifter) (Depths:2)
  6 wyverns
  3 golden eyes (Depths:3)
  Grum (D:10)
  6 basilisks
  9 steam dragons (Lair:5)
  72 redbacks
  3 wargs (Orc:1)
  A demonspawn zombie (Crypt:1)
  2 spectral entropy weavers (Spider:2)
  A deep troll zombie (Crypt:1)
  8 vampire mosquitoes
  16 water moccasins
  An acid dragon (D:10)
  Pargi (Sewer)
  A black bear (D:6)
  A black bear (shapeshifter) (Elf:2)
  20 laughing skulls
  19 orc warriors
  An ice beast (D:6)
  A sky beast (D:7)
  7 ogres
  2 boggarts (Vaults:2)
  8 centaurs
  25 wolves
  A dream sheep skeleton (Crypt:1)
  A lindwurm skeleton (Crypt:1)
  2 phantoms
  3 kobold brigands (D:10)
  A gnoll sergeant (D:12)
  2 brain worms (Sewer)
  15 bullfrogs
  5 earth elementals
  3 scorpions
  12 wights
  5 lindwurm simulacra (IceCv)
  3 killer bees (D:9)
  6 electric eels
  A bombardier beetle (D:3)
  A howler monkey (D:7)
  3 jellies
  3 hounds (D:4)
  5 komodo dragon simulacra (IceCv)
  12 orc priests
  Jessica (D:2)
  2 iguanas
  17 orc wizards
  4 polar bear simulacra (Lair:3)
  4 yak simulacra (Lair:3)
  A wolf simulacrum (Lair:3)
  A mummy (Crypt:1)
  Robin (D:2)
  7 gnolls
  5 acid dragon simulacra (IceCv)
  8 adders
  A shadow imp (D:6)
  A white imp (D:6)
  6 steam dragon simulacra (IceCv)
  4 ufetubi
  2 ribbon worms
  3 dart slugs
  49 orcs
  7 endoplasms
  7 giant cockroaches
  19 hobgoblins
  2 jackals (D:4)
  12 kobolds
  11 quokkas
  7 ball pythons
  6 bats
  5 frilled lizards
  18 goblins
  4 rats
  2 river rat simulacra (Lair:3)
  2 spectral weapons (Vaults:2)
1859 creatures vanquished.

Vanquished Creatures (collateral kills)
  A caustic shrike (Depths:2)
  A tengu reaver (Depths:3)
  A deep elf elementalist (Elf:3)
  2 deep elf death magi (Elf:3)
  2 deep elf demonologists (Elf:3)
  3 deep elf annihilators (Elf:3)
  A yaktaur captain (Vaults:3)
  2 deep elf high priests (Elf:3)
  2 deep trolls (Vaults:3)
  An ironbound convoker (Vaults:2)
  A lindwurm (Vaults:2)
  3 yaktaurs
  A slime creature (Vaults:2)
  A boggart (Vaults:2)
22 creatures vanquished.

Vanquished Creatures (others)
  A fire giant (Depths:1)
  A deep elf knight (Elf:1)
  A yaktaur (Vaults:2)
  A culicivora (Spider:1)
4 creatures vanquished.

Grand Total: 1885 creatures vanquished

Notes
Turn   | Place    | Note
-------+----------+-------------------------------------------
     0 | D:1      | LustLizard the Minotaur Monk began the quest for the Orb.
     0 | D:1      | Reached XP level 1. HP: 19/19 MP: 0/0
   229 | D:1      | Reached XP level 2. HP: 22/27 MP: 1/1
   455 | D:1      | Reached XP level 3. HP: 29/33 MP: 2/2
   988 | D:2      | Noticed Robin
  1138 | D:2      | Reached skill level 5 in Axes
  1297 | D:2      | Killed Robin
  1298 | D:2      | Reached XP level 4. HP: 31/41 MP: 3/3
  1354 | D:2      | Noticed Sigmund
  1394 | D:2      | Noticed Jessica
  1404 | D:2      | Killed Jessica
  2101 | D:3      | Reached skill level 5 in Fighting
  2101 | D:3      | Reached XP level 5. HP: 48/48 MP: 4/4
  3009 | D:4      | Found a staircase to the Ecumenical Temple.
  3013 | D:4      | Noticed a phantom
  3026 | D:4      | Killed a phantom
  3027 | D:4      | Reached XP level 6. HP: 53/56 MP: 5/5
  3033 | Temple   | Entered the Ecumenical Temple
  3056 | Temple   | Became a worshipper of the Shining One
  3056 | Temple   | Reached * piety under the Shining One
  3056 | Temple   | Reached ** piety under the Shining One
  3703 | D:5      | Entered Level 5 of the Dungeon
  3879 | D:5      | Reached XP level 7. HP: 63/63 MP: 6/6
  4481 | D:6      | Reached skill level 1 in Throwing
  4481 | D:6      | Reached skill level 1 in Invocations
  4677 | D:6      | Found a glowing drain.
  4724 | Sewer    | Entered a sewer
  4724 | Sewer    | Noticed Pargi
  4741 | Sewer    | Killed Pargi
  4742 | Sewer    | Reached XP level 8. HP: 46/73 MP: 4/8
  5138 | D:6      | Reached skill level 10 in Axes
  5944 | D:2      | Killed Sigmund
  6171 | D:7      | Noticed a hornet
  6179 | D:7      | Killed a hornet
  6180 | D:7      | Reached XP level 9. HP: 56/81 MP: 10/10
  6284 | D:7      | Found a burning altar of Makhleb.
  6307 | D:7      | Found a glowing silver altar of Zin.
  6344 | D:7      | Found a hazy altar of Hepliaklqana.
  6347 | D:7      | Found a hide-covered altar of Uskayaw.
  6706 | D:7      | Reached *** piety under the Shining One
  6889 | D:8      | Noticed a two-headed ogre
  7051 | D:8      | Paralysed by a hornet for 2 turns
  7255 | D:8      | Killed a two-headed ogre
  7607 | D:8      | Noticed a kobold demonologist
  7617 | D:8      | Killed a kobold demonologist
  7618 | D:8      | Reached skill level 5 in Throwing
  7618 | D:8      | Reached skill level 5 in Invocations
  7674 | D:8      | Reached XP level 10. HP: 91/91 MP: 12/12
  7789 | D:8      | Found a blossoming altar of Fedhas.
  7789 | D:8      | Found a bloodstained altar of Trog.
  8155 | D:9      | Found an ancient bone altar of Kikubaaqudgha.
  8291 | D:9      | Noticed a two-headed ogre
  8316 | D:9      | Killed a two-headed ogre
  8582 | D:9      | Identified a scroll of acquirement
  8699 | D:9      | Found a staircase to the Lair.
  9185 | D:10     | Entered Level 10 of the Dungeon
  9219 | D:10     | Noticed a two-headed ogre
  9244 | D:10     | Reached **** piety under the Shining One
  9364 | D:10     | Killed a two-headed ogre
  9365 | D:10     | Reached skill level 10 in Fighting
  9670 | D:10     | Noticed Grum
  9681 | D:10     | Killed Grum
  9882 | D:10     | Noticed Psyche
  9893 | D:10     | Killed Psyche
  9994 | D:10     | Reached XP level 11. HP: 81/101 MP: 14/14
 10014 | D:10     | Noticed a three-headed hydra
 10021 | D:10     | Killed a one-headed hydra
 10393 | D:11     | Found a staircase to the Orcish Mines.
 10414 | D:11     | Noticed a two-headed ogre
 10431 | D:11     | Killed a two-headed ogre
 10677 | D:11     | Noticed nroviw's ghost (novice MiFi)
 10677 | D:11     | Noticed a glowing orange brain
 10678 | D:11     | Found a runed translucent gate.
 10678 | D:11     | Found a runed translucent gate.
 10678 | D:11     | Found a runed translucent gate.
 10681 | D:11     | Found a viscous altar of Jiyva.
 11169 | D:12     | Reached skill level 15 in Axes
 11274 | D:12     | Noticed a two-headed ogre
 11279 | D:12     | Killed a two-headed ogre
 11403 | D:12     | The Shining One protects you from harm!
 11463 | D:12     | Found a gate leading to a gauntlet.
 11477 | Gauntlet | Entered a Gauntlet
 11477 | Gauntlet | Noticed a death scarab
 11477 | Gauntlet | Found a transporter.
 11477 | Gauntlet | Found a transporter.
 11477 | Gauntlet | Found a runed translucent gate.
 11477 | Gauntlet | Found a runed translucent gate.
 11477 | Gauntlet | Found a runed translucent gate.
 11479 | Gauntlet | Noticed a necromancer
 11535 | Gauntlet | Found a transporter.
 11557 | Gauntlet | Found a transporter.
 11557 | Gauntlet | Found a transporter.
 11557 | Gauntlet | Found a transporter.
 11559 | Gauntlet | Found a transporter.
 11559 | Gauntlet | Found a transporter.
 11562 | Gauntlet | Noticed a ghost crab
 11571 | Gauntlet | Found a transporter.
 11586 | Gauntlet | Noticed a catoblepas
 11586 | Gauntlet | Reached ***** piety under the Shining One
 11587 | Gauntlet | Found a transporter.
 11597 | Gauntlet | Found a transporter.
 11600 | Gauntlet | Noticed a blizzard demon
 11616 | Gauntlet | Found a transporter.
 11633 | Gauntlet | Found a transporter.
 11645 | Gauntlet | Found a transporter.
 11689 | Gauntlet | Killed a necromancer
 11732 | Gauntlet | Reached XP level 12. HP: 108/111 MP: 17/17
 11763 | Gauntlet | Killed a catoblepas
 11843 | Gauntlet | Acquired the +7 battleaxe of Mastery {spect, rF- rCorr
                  | Str+2}
 11843 | Gauntlet | Noticed a minotaur
 11856 | Gauntlet | Killed a minotaur
 11900 | Gauntlet | Identified the amulet of Ziluthruzipt {*Corrode ^Fragile
                  | rC+++ Regen+ Int+3}
 11910 | Gauntlet | Acquired the +8 mithril axe "Arga" {speed, Will+}
 11910 | Gauntlet | Found the +8 mithril axe "Arga" {speed, Will+}
 12037 | D:12     | You are sucked into a shaft and drop 3 floors!
 12037 | D:15     | Entered Level 15 of the Dungeon
 12060 | D:15     | Reached skill level 1 in Armour
 12279 | D:15     | Noticed a centaur warrior
 12283 | D:14     | Noticed a centaur warrior
 12286 | D:14     | Killed a centaur warrior
 12287 | D:14     | Reached skill level 1 in Evocations
 12440 | D:14     | Noticed a boulder beetle
 12459 | D:14     | Killed a boulder beetle
 12484 | D:13     | Noticed a centaur warrior
 12490 | D:13     | Killed a centaur warrior
 12494 | D:13     | Noticed a boulder beetle
 12500 | D:13     | Killed a boulder beetle
 12558 | D:13     | Found a runed translucent door.
 12562 | D:13     | Found a runed translucent door.
 12564 | D:13     | Noticed a stone giant
 12566 | D:13     | Noticed a centaur warrior
 12569 | D:13     | Noticed a lich
 12570 | D:13     | Noticed Eugor's ghost (adept DECj)
 12592 | D:13     | Noticed a four-headed hydra
 12599 | D:13     | Killed a one-headed hydra
 12625 | D:13     | Noticed a catoblepas
 12642 | D:13     | Killed a catoblepas
 12673 | D:13     | Noticed a six-headed hydra
 12674 | D:13     | Noticed a boulder beetle
 12674 | D:13     | Noticed a boulder beetle
 12905 | Lair:1   | Entered Level 1 of the Lair of Beasts
 13228 | Lair:1   | Reached XP level 13. HP: 102/119 MP: 19/19
 13698 | Lair:2   | Reached skill level 10 in Invocations
 13958 | Lair:2   | Noticed Prince Ribbit
 13966 | Lair:2   | Reached skill level 5 in Armour
 13981 | Lair:2   | Killed Prince Ribbit
 14271 | Lair:2   | Found a staircase to the Shoals.
 14494 | Lair:3   | Found a hole to the Spider Nest.
 15111 | Lair:3   | Identified the +2 sling "Venib" {speed, Dex+7}
 15221 | Lair:3   | Reached ****** piety under the Shining One
 15276 | Lair:4   | You are sucked into a shaft and drop 1 floor!
 15276 | Lair:5   | Entered Level 5 of the Lair of Beasts
 15293 | Lair:5   | Reached skill level 10 in Throwing
 15297 | Lair:5   | Reached XP level 14. HP: 114/129 MP: 21/21
 15432 | Lair:5   | Reached skill level 5 in Evocations
 15506 | Lair:5   | Got an earthy gem with 1335 turns to spare
 15575 | Lair:5   | Found a frozen archway.
 15594 | IceCv    | Entered an ice cave
 15905 | IceCv    | Identified the ring of the Wild Haggis {rElec rF+ Int+6
                  | Stlth-}
 17345 | Lair:4   | Found a staircase to the Slime Pits.
 17930 | Orc:1    | Entered Level 1 of the Orcish Mines
 18150 | Orc:2    | Entered Level 2 of the Orcish Mines
 18161 | Orc:2    | Found Boplil's General Store.
 18635 | Orc:2    | Found an iron altar of Okawaru.
 18736 | Orc:2    | Found Pas Jily's Antique Armour Emporium.
 18738 | Orc:2    | Noticed an orc warlord
 18747 | Orc:2    | Killed an orc warlord
 18788 | Orc:2    | Found a staircase to the Elven Halls.
 18792 | Orc:2    | Found Qofevem's Jewellery Emporium.
 18819 | Orc:2    | Reached XP level 15. HP: 104/139 MP: 20/23
 18912 | Orc:2    | Found Fahag's Antique Weapon Boutique.
 18961 | Orc:2    | Found Ogomn's General Store.
 19176 | Orc:2    | Bought a potion of haste for 120 gold pieces
 19176 | Orc:2    | Bought a potion of heal wounds for 60 gold pieces
 19176 | Orc:2    | Bought a potion of heal wounds for 60 gold pieces
 19176 | Orc:2    | Bought a scroll of fear for 48 gold pieces
 19203 | Orc:2    | Bought an embroidered cloak for 217 gold pieces
 19232 | Orc:2    | Bought a +0 kite shield for 49 gold pieces
 19263 | Orc:2    | Bought a bloodstained scale mail for 261 gold pieces
 19263 | Orc:2    | Identified the +5 scale mail of Senlotz {rElec Str+5} (You
                  | bought it in a shop on level 2 of the Orcish Mines)
 19642 | D:13     | Found a gate to the Vaults.
 19751 | D:13     | Reached skill level 1 in Shields
 20425 | D:13     | Killed a lich
 20672 | D:13     | Killed Eugor's ghost
 20906 | D:14     | Reached skill level 15 in Fighting
 21633 | D:15     | Found a staircase to the Depths.
 21633 | D:15     | Noticed a fire giant
 21650 | D:15     | Killed a fire giant
 21756 | D:15     | Found a sacrificial altar of Ru.
 21763 | D:15     | Identified the ring of Untruth {rF+ Dex+3 Slay+4}
 22464 | Shoals:1 | Entered Level 1 of the Shoals
 22717 | Shoals:1 | Reached skill level 5 in Dodging
 22886 | Shoals:1 | Noticed Louise
 22898 | Shoals:1 | Killed Louise
 22899 | Shoals:1 | Reached XP level 16. HP: 80/149 MP: 19/25
 23144 | Shoals:1 | Reached skill level 10 in Armour
 23919 | Shoals:2 | Identified the ring of the Median {Fire *Slow rElec rPois
                  | Dex+6}
 23977 | Shoals:2 | Reached skill level 5 in Shields
 24525 | Shoals:2 | Found Asmaca's Jewellery Boutique.
 25273 | Shoals:3 | Noticed Ilsuiw
 25284 | Shoals:3 | Reached skill level 15 in Invocations
 25565 | Shoals:3 | Killed Ilsuiw
 26009 | Shoals:4 | Entered Level 4 of the Shoals
 26009 | Shoals:4 | Noticed Polyphemus
 26029 | Shoals:4 | Killed Polyphemus
 26040 | Shoals:4 | Reached XP level 17. HP: 76/158 MP: 23/27
 27109 | Shoals:4 | Noticed Roxanne
 27677 | Shoals:4 | Got a barnacled rune of Zot
 28175 | Shoals:4 | Killed Roxanne
 28394 | Spider:1 | Entered Level 1 of the Spider Nest
 29172 | Spider:1 | Found a runed translucent gate.
 29174 | Spider:1 | Found a runed translucent gate.
 29176 | Spider:1 | Found a runed translucent gate.
 29180 | Spider:1 | Noticed Vuykkinei's ghost (adept TrBe)
 29215 | Spider:1 | Gained mutation: You do not regenerate when monsters are
                  | visible. [mutagenic glow]
 29495 | Spider:1 | Identified the +3 robe "Isubuv" {rN+}
 29784 | Spider:2 | Reached XP level 18. HP: 153/168 MP: 29/29
 30400 | Spider:2 | Identified the +0 leather armour of Woav Jat {^Contam
                  | Regen+ Dex+8 Stlth+}
 30512 | Spider:2 | Found a transporter.
 30513 | Spider:2 | Noticed bnnuy's ghost (adept MiBe)
 30561 | Spider:2 | Found a transporter.
 30646 | Spider:2 | Killed bnnuy's ghost
 31011 | Spider:3 | Noticed Mlioglotl
 31022 | Spider:3 | Killed Mlioglotl
 31544 | Spider:3 | Noticed Nikola
 31559 | Spider:3 | Killed Nikola
 31572 | Spider:3 | Noticed Jorgrun
 31582 | Spider:3 | Killed Jorgrun
 31722 | Spider:3 | Acquired the +1 cloak "Buisis" {Dex+3}
 32158 | Spider:4 | Entered Level 4 of the Spider Nest
 32382 | Spider:4 | Identified the serpent talisman of Jigsaw {Str+6 Dex-5
                  | Slay+2}
 32382 | Spider:4 | Noticed Aizul
 32398 | Spider:4 | Killed Aizul
 33061 | Spider:4 | Reached skill level 10 in Shields
 33240 | Spider:4 | Got a gossamer rune of Zot
 33437 | Spider:4 | Noticed Agnes
 33447 | Spider:4 | Killed Agnes
 33962 | Depths:1 | Entered Level 1 of the Depths
 34005 | Depths:1 | Reached skill level 10 in Dodging
 34009 | Depths:1 | Reached XP level 19. HP: 112/178 MP: 30/30
 34241 | Depths:1 | Found a radiant altar of Vehumet.
 34522 | Depths:1 | Identified the +2 war axe "Baocy" {holy, rPois}
 34532 | Depths:1 | Identified the +2 chain mail "Cung" {rC+ MP+9 Str-3 SInv}
 34813 | Depths:1 | HP: 4/179 [spriggan air mage/bolt of lightning (10)]
 34822 | Depths:1 | Identified the amulet of Curiosity {Reflect *Corrode Will+
                  | Dex+5 SH+5}
 35192 | Depths:1 | Found a gateway to Hell.
 36013 | Depths:1 | Found a one-way gate leading to the halls of Pandemonium.
 37603 | Depths:2 | Found a one-way gate to the infinite horrors of the Abyss.
 38576 | Depths:2 | Noticed a caustic shrike
 38582 | Depths:2 | Killed a caustic shrike
 38843 | Depths:2 | Identified the +0 shortbow of Cafakkaph {freeze, rElec rF+}
 39095 | Depths:3 | Reached skill level 10 in Evocations
 39200 | Depths:3 | Found a one-way gateway to a ziggurat.
 39209 | Depths:3 | Reached XP level 20. HP: 165/189 MP: 32/32
 39662 | Depths:3 | Noticed a golden dragon
 39680 | Depths:3 | Killed a golden dragon
 39681 | Depths:3 | Noticed Sojobo
 40296 | Depths:3 | Killed Sojobo
 40546 | Depths:3 | You are sucked into a shaft and drop 1 floor!
 40546 | Depths:4 | Entered Level 4 of the Depths
 41246 | Depths:3 | Noticed a golden dragon
 41560 | Depths:3 | Reached skill level 15 in Armour
 41756 | Depths:3 | Killed a golden dragon
 42165 | Depths:3 | Found Riruydwa's Assorted Antiques.
 42176 | Depths:3 | Bought the +3 pair of mountain boots {steadfast, rC+} for
                  | 1038 gold pieces
 42176 | Depths:3 | Found the +3 pair of mountain boots {steadfast, rC+}
 43173 | Depths:4 | Found a gate to the Realm of Zot.
 43344 | Depths:4 | Found a hazy altar of Hepliaklqana.
 43789 | Vaults:1 | Entered Level 1 of the Vaults
 43987 | Vaults:1 | Acquired 398 gold pieces
 44176 | Vaults:1 | Acquired a manual of Throwing
 44211 | Vaults:1 | Found Ynenokk's Weapon Shop.
 44407 | Vaults:1 | Reached XP level 21. HP: 198/198 MP: 33/33
 44886 | Vaults:1 | Found Totoggoo's Distillery.
 44894 | Vaults:1 | Bought a potion of curing for 57 gold pieces
 44894 | Vaults:1 | Bought a potion of curing for 57 gold pieces
 44894 | Vaults:1 | Bought a potion of curing for 57 gold pieces
 45139 | Vaults:1 | Paralysed by a formless jellyfish for 1 turns
 45936 | Vaults:2 | Noticed Mennas
 45963 | Vaults:2 | Killed Mennas
 46131 | Vaults:2 | Found a glowing golden altar of the Shining One.
 46131 | Vaults:2 | Found a white marble altar of Elyvilon.
 46131 | Vaults:2 | Found a crumbling gateway.
 46160 | Vaults:2 | Found a glowing silver altar of Zin.
 46570 | Vaults:2 | Reached skill level 15 in Throwing
 46698 | Vaults:2 | Found a staircase to the Crypt.
 46952 | Vaults:2 | Paralysed by a formless jellyfish for 1 turns
 47394 | Vaults:2 | Noticed Asterion
 47404 | Vaults:2 | Killed Asterion
 47520 | Vaults:3 | Found a flickering gateway to a bazaar.
 47528 | Bazaar   | Entered a bazaar
 47554 | Bazaar   | Found Ymeubruaj's Antique Weapon Boutique.
 47559 | Bazaar   | Found Xishroh's Weapon Emporium.
 47572 | Bazaar   | Found Gigehas's Magic Scroll Shop.
 47574 | Bazaar   | Found Jatod's Book Shoppe.
 48001 | Vaults:3 | Identified the +5 long sword "Transmigrator" {flame, rElec
                  | Int+4}
 48133 | Vaults:3 | Noticed Norris
 48169 | Vaults:3 | Killed Norris
 48185 | Vaults:3 | Reached XP level 22. HP: 124/209 MP: 9/34
 48582 | Vaults:3 | Noticed Margery
 48612 | Vaults:3 | Killed Margery
 49382 | Vaults:4 | Found a magical portal.
 49411 | WizLab   | Entered Iskenderun's Mystic Tower
 49948 | WizLab   | Got Iskenderun's Encyclopedia of Destruction
 49948 | WizLab   | Got Iskenderun's Discursus on Blasting
 51780 | Elf:1    | Entered Level 1 of the Elven Halls
 52097 | Elf:1    | Found an ancient bone altar of Kikubaaqudgha.
 52970 | Elf:2    | Paralysed by an air elemental for 1 turns
 53034 | Elf:2    | Reached skill level 15 in Shields
 53322 | Elf:2    | Found a huge runed translucent gate.
 53322 | Elf:2    | Found a huge runed translucent gate.
 53323 | Elf:2    | Found a huge runed translucent gate.
 53324 | Elf:2    | Found a huge runed translucent gate.
 53329 | Elf:2    | Found a huge runed translucent gate.
 53343 | Elf:2    | Reached XP level 23. HP: 213/217 MP: 35/35
 54325 | Elf:2    | Paralysed by an air elemental for 1 turns
 54388 | Elf:3    | Entered Level 3 of the Elven Halls
 54416 | Elf:3    | Found Noereickugg's Antique Armour Emporium.
 54526 | Elf:3    | Found Zyacyd's Magic Scroll Emporium.
 54530 | Elf:3    | Bought a scroll of teleportation for 57 gold pieces
 54530 | Elf:3    | Bought a scroll of teleportation for 57 gold pieces
 54530 | Elf:3    | Bought a scroll of teleportation for 57 gold pieces
 54804 | Elf:3    | Paralysed by an air elemental for 1 turns
 54892 | Elf:3    | Found Poameng's Antique Weapon Boutique.
 55195 | Elf:3    | Identified the +10 flail "Anyel" {flame, rC+}
 55328 | Elf:3    | Identified the ring of Wudoy {Ice rPois rN+ Str-3 Slay+2}
 55349 | Elf:3    | Identified the +8 spear "Vagierch" {flame, rPois Str+2}
 55369 | Elf:3    | Got Sif Muna's Guide on Hurting and Summoning
 55372 | Elf:3    | Identified the +0 leather armour of the Moon Troll {Dex+2}
 55963 | Crypt:1  | Entered Level 1 of the Crypt
 56145 | Crypt:1  | Noticed Khufu
 56146 | Crypt:1  | Noticed a royal mummy
 56146 | Crypt:1  | Noticed a royal mummy
 56165 | Crypt:1  | Killed Khufu
 56170 | Crypt:1  | HP: 4/220 [royal mummy/divine providence[Khufu] (11)]
 56170 | Crypt:1  | The Shining One protects you from harm!
 56171 | Crypt:1  | Killed from afar by a royal mummy

Illustrated notes

Levels and vault maps discovered:
D:1:      lightli_arrival_lavapool, layout_basic, minmay_nonomino_d4
D:2:      layout_basic, uniq_robin, uniq_sigmund, uniq_jessica
D:3:      layout_loops_ring
D:4:      layout_basic, minmay_temple_entry_junction
D:5:      layout_loops_corners
D:6:      layout_loops_ring, gup_sewer_entry_pipe, grunt_ministairs_12
D:7:      layout_loops_ring, mainiacjoe_overflow_cross_hatched,
          grunt_temple_overflow_open, kennysheep_crisscross,
          ebering_dispersal_statue_hall
D:8:      layout_basic, nicolae_overflow_two_pavilions
D:9:      layout_grid_maze, nicolae_overflow_crystal_walls,
          erik_lair_orcish_takeover, patterned_corridor
D:10:     layout_loops_corners, hangedman_ranch, uniq_grum, uniq_psyche
D:11:     layout_irregular_city, orc_0_dummy, gammafunk_ghost_ooze
D:12:     layout_basic, gauntlet_entry_generic
D:13:     layout_loops_ring, skrybe_vaults_entry_preservation,
          muffindrake_ghost_dual_entry, grunt_ministairs_15, minmay_diced_spiral
D:14:     layout_loops_corners
D:15:     grunt_enter_depths_giant_problem, layout_basic, basic_altar
Temple:   regret_index_temple_generic_petals
Lair:1:   layout_chaotic_city, beast_lair_carwin_6, lemuel_fruit_tree
Lair:2:   layout_hall_layers, shoals_dummy_entry, uniq_prince_ribbit2
Lair:3:   layout_hall_layers, spider_nest_entry_a, eino_house_with_fridge,
          grunt_megastairs_4
Lair:4:   layout_loops_ring, minmay_slime_entry_oklob_open
Lair:5:   gammafunk_lair_ancient_temple, layout_cave_pods, portal_ice_cave_rime,
          chequers_serial_rivers_marsh, st_stairs_7, bobbens_dragon_lair_wall
Shoals:1: layout_shoals, uniq_louise
Shoals:2: layout_shoals, serial_shops, nicolae_take_the_stairs,
          nicolae_shoals_songs
Shoals:3: layout_shoals, uniq_ilsuiw
Shoals:4: shoals_end_grunt_ice, layout_shoals, shoals_ilsuiw_alternative,
          nicolae_shoals_lost_giant_temple, nicolae_shoals_isolated_beach,
          uniq_roxanne, uniq_polyphemus
Spider:1: layout_spider_delve, gammafunk_ghost_split,
          hangedman_spider_tarantella_strand
Spider:2: layout_spider_delve, gammafunk_ghost_mausoleum, hive_lemuel
Spider:3: layout_chambers, uniq_jorgrun, uniq_mlioglotl, uniq_nikola
Spider:4: guppyfry_spider_rune, uniq_aizul, uniq_agnes
Orc:1:    layout_caves
Orc:2:    grunt_orc_gardens, layout_diamond_mine, grunt_orc_garden,
          grunt_orc_garden, grunt_orc_garden, grunt_orc_garden, serial_shops,
          shop, okawaru_metal_pillars_3
Elf:1:    minmay_elf_arrival_summoners, layout_geoelf_grid, basic_altar,
          nicolae_elf_crossing_hall, drop_trap
Elf:2:    elven_hall_of_blades_hangedman_alternative
          [nicolae_blade_entry_crossed_weapons], layout_geoelf_octagon
Elf:3:    minmay_elf_hall_quartered_circle, layout_geoelf_castle, serial_shops,
          shop, shop, shop, nicolae_elf_big_sculpture_3
Vaults:1: v_pattern_1, v_misc_29, nicolae_vaults_diagonal_hallway_8,
          nicolae_vaults_asterisk, v_misc_1, grunt_vaults_funnel,
          vaults_standard_mumra_lines, nicolae_vaults_taking_the_gang_shopping,
          layout_vaults_omnigrid, serial_shops, nicolae_shop_waterfront
Vaults:2: portal_desolation_entry_holy_temple, nicolae_vaults_twisting_passages,
          hangedman_vaults_locks, minmay_crypt_entry_simple_walls, v_rooms_5,
          nicolae_vaults_closet_pinwheel_6, vaults_room_ringed_pool,
          vaults_mumra_hex, vaults_room_guarded_vault,
          nicolae_vaults_surprise_closet, nicolae_vaults_diamond_2,
          vaults_room_hallway, layout_vaults_big_room, uniq_asterion,
          uniq_mennas
Vaults:3: nicolae_vaults_house_2, nicolae_vaults_door_testing_chamber,
          v_alt_pattern_6, vaults_mumra_lcd, hangedman_vaults_capsules,
          nicolae_vaults_little_squares_1, nicolae_vaults_circle_grid_b,
          ontoclasm_vaults_chip, nicolae_vaults_circle_grid_a,
          hangedman_vaults_maws, ontoclasm_vaults_pinch, hangedman_vaults_nails,
          nicolae_vaults_rhombus_5, layout_vaults_omnicross, serial_shops,
          bzr_entry_lakeside, uniq_norris, uniq_margery
Vaults:4: mu_enter_wizlab_5, nicolae_vaults_big_ls, v_misc_2,
          hangedman_vaults_slice, vaults_mumra_chevron_long,
          nicolae_vaults_closet_pinwheel_2, nicolae_vaults_sealed_display,
          v_misc_2, nicolae_vaults_circle_grid_a, vaults_dpeg_hooks,
          vaults_room_pools, layout_vaults_ring
Crypt:1:  minmay_skeleton_keep, layout_regular_city,
          serial_sigils_hangedman_snap, minmay_misc_feat_pillars,
          nicolae_crypt_stairsoleum, serial_sigils_hangedman_shear, uniq_khufu
Depths:1: minmay_the_grid_triangle_9x9_recursive_2
          [minmay_the_grid_triangle_9x9_prize_insulated,
          minmay_the_grid_triangle_9x9_steps,
          minmay_the_grid_triangle_9x9_descending_squares,
          minmay_the_grid_triangle_9x9_from_above], layout_cave_shapes,
          serial_bayou_ford_a, grunt_hell_entry_dis_grunt,
          rand_demon_pan_entry_9, vehumet_crystals
Depths:2: evilmike_diamond_1, layout_cave_pools, grunt_metal_band,
          abyss_entry_small_statue_room, serial_sigils,
          serial_sigils_hangedman_shear, serial_sigils_hangedman_stare,
          serial_sigils_hangedman_gut, pan_entry
Depths:3: minmay_eyes, layout_long_grid, enter_ziggurat_e, hell_entry,
          grunt_pan_entry_in_and_out, serial_shops,
          nicolae_shop_overgrown_old_shop, minmay_staircase_windowed_small,
          abyss_entry, uniq_sojobo
Depths:4: grunt_zot_entry_gee_three, layout_basic, hell_entry, abyss_entry,
          nzn_hepliaklqana_mist_gate

Skill      XL: |  1  2  3  4  5  6  7  8  9 10 11 12 13 14 15 16 17 18 19 20 21 22 23 |
---------------+----------------------------------------------------------------------+-----
Axes           | 4 5 6 7 8 9 10 12 14 15 16 17 18 19 20 21 | 21.5
Fighting       | 4 5 6 7 8 9 10 11 12 13 14 15 16 17 18 19 20 21 | 21.3
Throwing       | 2 3 5 6 8 9 10 11 12 13 14 15 16 17 | 17.8
Invocations    | 2 3 5 6 8 9 11 12 14 15 16 17 18 19 20 | 20.1
Armour         | 4 6 8 9 11 12 13 14 15 16 17 18 | 18.0
Evocations     | 3 4 6 7 8 10 11 13 14 | 14.9
Shields        | 4 6 8 10 11 12 13 15 | 15.8
Dodging        | 5 6 8 10 11 12 13 | 13.5

Action                     |  1- 3 |  4- 6 |  7- 9 | 10-12 | 13-15 | 16-18 | 19-21 | 22-24 || total
---------------------------+-------+-------+-------+-------+-------+-------+-------+-------++-------
  Melee: Hand axe          |    74 |   117 |   227 |    17 |    62 |       |       |       ||   497
         Headbutt          |    12 |    19 |    65 |    97 |   357 |   446 |   586 |   305 ||  1887
         Unarmed           |       |     5 |       |       |       |       |       |       ||     5
         War axe           |       |       |       |   230 |       |       |       |       ||   230
         Broad axe         |       |       |       |   109 |  1035 |  1212 |  1510 |   802 ||  4668
  Throw: Dart              |     3 |     3 |    11 |    23 |    12 |       |     1 |       ||    53
         Stone             |       |       |       |    21 |       |       |       |       ||    21
         Boomerang         |       |       |       |       |     3 |   116 |    26 |    68 ||   213
         Javelin           |       |       |       |       |       |     4 |       |     2 ||     6
         Throwing net      |       |       |       |       |       |       |     1 |       ||     1
 Invoke: Divine Shield     |       |       |     3 |     5 |     4 |     5 |     7 |     2 ||    26
         Cleansing Flame   |       |       |       |     2 |     2 |     4 |     7 |     2 ||    17
         Summon Divine War |       |       |       |       |       |       |     3 |     1 ||     4
  Evoke: Phantom mirror    |       |       |       |       |     1 |       |     1 |       ||     2
         Wand              |       |       |       |       |       |       |     7 |       ||     7
         Condenser vane    |       |       |       |       |       |       |     2 |       ||     2
         Lightning rod     |       |       |       |       |       |       |     1 |       ||     1
         Sack of spiders   |       |       |       |       |       |       |     1 |       ||     1
    Use: Scroll            |       |       |    11 |     6 |    16 |    16 |    10 |     3 ||    62
         Potion            |       |       |       |     3 |       |    12 |    14 |     1 ||    30
 Armour: Robe              |    19 |       |       |       |       |       |       |       ||    19
         Ring mail         |    13 |    53 |    46 |       |       |       |       |       ||   112
         Skin              |       |     1 |       |       |       |       |       |       ||     1
         Plate armour      |       |       |    60 |   217 |   524 |   845 |   576 |   285 ||  2507
  Dodge: Dodged            |    35 |    48 |   126 |   151 |   526 |   560 |   431 |   260 ||  2137
  Block: Kite shield       |       |       |       |       |       |   566 |   965 |   629 ||  2160
         Reflection        |       |       |       |       |       |       |    35 |    68 ||   103
